 Dungeon Crawl Stone Soup version 0.22.0-38-g04b72b8 (webtiles) character file.

1326 iamserjio the Slasher (level 8, 0/49 HPs)
             Began as a Tengu Abyssal Knight on Aug 25, 2018.
             Was a Priest of Lugonu.
             Slain by a vampire (10 damage)
             ... on level 7 of the Dungeon.
             The game lasted 00:18:44 (7361 turns).

iamserjio the Slasher (Tengu Abyssal Knight)        Turns: 7361, Time: 00:18:45

Health: 0/49       AC:  4    Str: 17    XL:     8   Next: 60%
Magic:  11/11      EV: 16    Int: 13    God:    Lugonu [***...]
Gold:   212        SH:  0    Dex: 16    Spells: 7/7 levels left

rFire    + . .     SeeInvis .   a - +1 falchion
rCold    . . .     Gourm    .   (no shield)
rNeg     . . .     Faith    .   G - +1 leather armour "Zicom" {*Drain Regen+ rCorr}
rPois    .         Spirit   .   (helmet restricted)
rElec    .         Reflect  .   (no cloak)
rCorr    +         Harm     .   (no gloves)
MR       .....                  (boots unavailable)
Stlth    +.........             (no amulet)
HPRegen  0.56/turn              l - +5 ring of strength
MPRegen  0.12/turn              J - ring of protection from fire

@: no status effects
A: beak, talons 3, able to fly 1
a: Fly, Depart the Abyss, Bend Space, Banish, Renounce Religion


You were on level 7 of the Dungeon.
You worshipped Lugonu.
Lugonu was most pleased with you.
You were hungry.

You visited 1 branch of the dungeon, and saw 7 of its levels.
You visited the Abyss 1 time.

You collected 212 gold pieces.

Inventory:

Hand Weapons
 a - a +1 falchion (weapon)
 k - a +1 dagger of venom
 r - a +0 blowgun
 w - a +0 broad axe
 x - a +1 antimagic morningstar
 A - a +1 dagger of draining
Missiles
 h - 2 throwing nets (quivered) {!f}
 p - 79 sling bullets
 q - 77 stones
 s - 30 poisoned needles
 z - 8 needles of sleeping {!f}
Armour
 b - a +0 leather armour
 j - a +0 chain mail
 t - a +0 ring mail
 y - a +0 robe of fire resistance
 G - the +1 leather armour "Zicom" (worn) {*Drain Regen+ rCorr}
   (You found it on level 4 of the Dungeon)

   It increases your rate of regeneration.
   It provides partial protection from all sources of acid and corrosion.
   It causes draining when unequipped.
Jewellery
 l - a +5 ring of strength (left hand)
 m - an uncursed ring of wizardry
 n - an uncursed ring of protection from fire
 u - an uncursed ring of positive energy
 J - a ring of protection from fire (right hand)
 K - an uncursed ring of protection from cold
Wands
 M - a wand of polymorph (13)
Scrolls
 d - a scroll of immolation {unknown}
 e - 5 scrolls of fear
 f - a scroll of enchant weapon {unknown}
 B - 2 scrolls of enchant armour
 C - a scroll of remove curse {@r2}
 F - a scroll of teleportation {unknown}
 N - 2 scrolls of blinking {unknown}
 O - a scroll of noise {unknown}
Potions
 g - 3 potions of curing {@q1}
 o - 2 potions of brilliance
 D - a potion of heal wounds
 H - a potion of mutation {unknown}
 L - 2 potions of degeneration
Comestibles
 c - 13 rations


   Skills:
 + Level 5.0 Fighting
 - Level 6.0 Long Blades
 - Level 5.0 Armour
 * Level 6.0 Dodging
 + Level 3.5 Invocations


You had 7 spell levels left.
You didn't know any spells.
Your spell library contained the following spells:

 Spells                   Type           Power        Failure   Level  Hunger
 Bolt of Magma            Conj/Fire/Erth #.........   100%        5    ######.
 Iskenderun's Battlesphe  Conj/Chrm      #.......     100%        5    ######.
 Venom Bolt               Conj/Pois      #.........   100%        5    ######.
 Iron Shot                Conj/Erth      #.........   100%        6    #######
 Orb of Destruction       Conj           #.........   100%        7    #######
 Spellforged Servitor     Conj/Summ      #.........   100%        7    #######


Dungeon Overview and Level Annotations

Branches:
Dungeon (7/15)             Temple (0/1) D:4

Altars:


Innate Abilities, Weirdness & Mutations

You have a beak for a mouth.
You have claws for feet.
You can fly.


Message History

You miss something. Your peck misses something. Something closely misses you.
Something bites you.
Something draws strength from your injuries!
You hit something but do no damage. You claw something.
Your peck misses something. Something hits you. Something bites you!
* * * LOW HITPOINT WARNING * * *
Something draws strength from your injuries!
Evoke which item? (* to show all) (? for menu, Esc to quit)
Aiming: Iceblast
Press: ? - help, Shift-Dir - straight line The mass of ice explodes!
The iceblast engulfs something.
Something hits you but does no damage. Something bites you.
* * * LOW HITPOINT WARNING * * *
Something draws strength from your injuries!
Evoke which item? (* to show all) (? for menu, Esc to quit)
Aiming: Iceblast
Press: ? - help, Shift-Dir - straight line The mass of ice explodes!
The iceblast engulfs something.
The now-empty wand crumbles to dust.
Something hits you!
You die...

#....#.# .....#.#
#. #.#..#.# #.#
#.#.)#.# #.#
####.#<.#.#
#.###.......#.#
#.#.........'.#
#.#.........###
.######.#..@{.....#
........'.........#
######.#...†.....#
........#....#'####
.########....#.#
####.#.# #.#.#
#.#.# #.#..


There were no monsters in sight!

Vanquished Creatures
  2 sky beasts (D:5)
  A phantom (D:6)
  2 ogres
  3 bullfrogs (D:6)
  A scorpion (D:7)
  A howler monkey (D:4)
  2 crimson imps (D:5)
  A hound (D:6)
  2 orc wizards (D:3)
  Jessica (D:2)
  3 iguanas
  6 worker ants
  A hound skeleton (D:6)
  A howler monkey zombie (D:6)
  5 adders
  A howler monkey skeleton (D:5)
  2 shadow imps
  3 worms
  A dart slug (D:3)
  3 leopard geckos
  15 orcs
  2 ball pythons
  5 bats
  7 giant cockroaches
  8 goblins
  6 hobgoblins
  12 jackals
  A quokka (D:2)
  A ball python skeleton (D:5)
  5 frilled lizards
  10 kobolds
  7 rats
121 creatures vanquished.

Notes
Turn   | Place    | Note
-------+----------+-------------------------------------------
     0 | Abyss:1  | iamserjio the Tengu Abyssal Knight began the quest for the Orb.
     0 | Abyss:1  | Reached XP level 1. HP: 14/14 MP: 3/3
     0 | D:1      | Escaped the Abyss
    37 | D:1      | Reached * piety under Lugonu
    84 | D:1      | Reached XP level 2. HP: 18/19 MP: 4/4
   559 | D:1      | Reached XP level 3. HP: 23/23 MP: 5/5
   925 | D:2      | Noticed Jessica
   947 | D:2      | Killed Jessica
   947 | D:2      | Reached XP level 4. HP: 28/28 MP: 6/6
  1173 | D:2      | Reached ** piety under Lugonu
  2428 | D:3      | Gained mutation: You can fly. [Tengu growth]
  2428 | D:3      | Reached XP level 5. HP: 26/32 MP: 7/7
  2513 | D:3      | Reached skill level 5 in Long Blades
  3636 | D:3      | Reached XP level 6. HP: 24/37 MP: 8/8
  4253 | D:4      | Found a staircase to the Ecumenical Temple.
  5123 | D:4      | Got a transparent leather armour
  5134 | D:4      | Identified the cursed +1 leather armour "Zicom" {*Drain Regen+ rCorr} (You found it on level 4 of the Dungeon)
  5221 | D:5      | Entered Level 5 of the Dungeon
  5270 | D:5      | Noticed a sky beast
  5289 | D:5      | Killed a sky beast
  5311 | D:5      | Reached XP level 7. HP: 16/41 MP: 9/9
  5536 | D:5      | Reached skill level 5 in Armour
  6383 | D:6      | Reached *** piety under Lugonu
  6383 | D:6      | Reached XP level 8. HP: 42/48 MP: 10/10
  6501 | D:6      | Reached skill level 5 in Dodging
  7332 | D:7      | Noticed a vampire
  7350 | D:7      | Reached skill level 5 in Fighting
  7361 | D:7      | Slain by a vampire

Skill      XL: |  1  2  3  4  5  6  7  8 |
---------------+-------------------------+-----
Long Blades    | 3 4 5 6 |  6.0
Armour         | 3 4 5 |  5.0
Invocations    | 2 3 |  3.5
Dodging        | 3 4 6 |  6.0
Fighting       | 4 5 |  5.0

Action                   |  1- 3 |  4- 6 |  7- 9 || total
-------------------------+-------+-------+-------++-------
Melee: Falchion          |    50 |    14 |   101 ||   165
       Kick              |    12 |    41 |    53 ||   106
       Peck              |     6 |    34 |    34 ||    74
       Dagger            |       |   151 |    21 ||   172
       Morningstar       |       |     1 |       ||     1
Invok: Depart the Abyss  |     1 |       |       ||     1
       Bend Space        |       |       |     1 ||     1
 Abil: Fly               |       |     1 |     1 ||     2
Evoke: Wand              |       |       |     9 ||     9
  Use: Potion            |       |     1 |     2 ||     3
       Scroll            |       |     3 |     3 ||     6
 Stab: Sleeping          |     2 |     1 |     1 ||     4
  Eat: Chunk             |       |     9 |     4 ||    13
       Ration            |       |     1 |     1 ||     2
Armor: Leather armour    |    13 |    16 |    15 ||    44
       Ring mail         |       |    13 |       ||    13
Dodge: Dodged            |    25 |    71 |    83 ||   179
       Rpst.: Falchion   |    10 |     2 |    18 ||    30
